AoeStats
← Goku_San

Arena

510525698Analyzed
3v3 RM · 18h ago on Oct 1, 2026· 43m 7s· 6 players
Game mode
Random Map
Map size
Normal (6 player)
Population
200
Speed
Normal
Resources
Standard
Victory
Conquest
Starting age
Dark Age
Ending age
Imperial Age
RankedLock teamsTeams togetherTeam positionsShared explorationLock speedFull tech treeHidden civsTurbo modeCheats
Victory
Defeat
🇵🇹 Cumans · Portugal
1323
+15
🇦🇷 Bohemians · Argentina
1322
+15
🇨🇿 Danes · Czechia
1225
+19
🇮🇱 Hindustanis · Israel
1307
-17
🇦🇺 Italians · Australia
1295
-16
🇺🇸 Japanese · United States
1283
-16
pavifa
11:04 Feudal Age
15:02 Castle Age
13:09 Double-Bit Axe
15:01 Horse Collar
15:15 Gold Mining
15:18 Stone Mining
18:03 Forging
18:19 Loom
19:27 Iron Casting
20:22 Gold Mining
21:57 Scale Mail Armor
23:21 Bow Saw
26:10 Wheelbarrow
26:13 Town Watch
27:21 Gold Shaft Mining
28:32 Stone Shaft Mining
28:48 Hand Cart
29:49 Chain Mail Armor
29:21 Arson
29:38 Squires
33:39 Imperial Age
31:33 Hamask
33:00 Town Patrol
35:24 Blast Furnace
34:54 Plate Mail Armor
33:47 Elite Jomsviking
34:48 Conscription
33:50 Onager
35:22 Siege Engineers
35:54 Heavy Plow
36:08 Siege Onager
36:46 Northmen's Fury
37:51 Capped Ram
39:11 Siege Ram
42:39 Fletching
43:12 Ballistics
43:52 Chemistry
Combi | Papin
8:33 Feudal Age
9:12 Double-Bit Axe
9:46 Horse Collar
13:03 Town Watch
14:47 Loom
15:45 Wheelbarrow
21:09 Castle Age
19:49 Bloodlines
19:49 Gold Mining
20:27 Scale Barding Armor
21:23 Forging
22:24 Chain Barding Armor
28:03 Hand Cart
29:07 Iron Casting
32:48 Imperial Age
30:48 Stone Mining
31:33 Gold Shaft Mining
31:03 Heavy Plow
34:10 Plate Barding Armor
33:23 Elite Steppe Lancer
38:19 Blast Furnace
37:50 Steppe Husbandry
37:35 Capped Ram
39:13 Bow Saw
39:05 Siege Ram
39:50 Light Cavalry
41:16 Hussar
42:53 Crop Rotation
titumir
11:23 Feudal Age
12:13 Double-Bit Axe
12:22 Loom
13:17 Wheelbarrow
15:05 Castle Age
13:44 Wheelbarrow
14:27 Horse Collar
16:51 Bow Saw
24:20 Imperial Age
23:51 Wagenburg Tactics
25:13 Heavy Plow
26:35 Conscription
29:29 Hand Cart
31:43 Town Watch
33:27 Elite Hussite Wagon
34:42 Fletching
34:54 Padded Archer Armor
37:26 Chemistry
38:43 Leather Archer Armor
40:50 Ring Archer Armor
Goku_San
7:31 Loom
9:30 Feudal Age
10:36 Double-Bit Axe
14:43 Castle Age
12:31 Horse Collar
20:53 Stone Mining
21:52 Gold Mining
23:31 Gold Shaft Mining
23:55 Wheelbarrow
23:39 Bow Saw
23:48 Heavy Plow
27:01 Stone Shaft Mining
26:55 Scale Barding Armor
27:01 Forging
30:05 Imperial Age
28:08 Bloodlines
28:14 Husbandry
29:07 Chain Barding Armor
29:23 Iron Casting
31:01 Scale Mail Armor
31:04 Squires
31:56 Ballistics
32:38 Chemistry
32:16 Chain Mail Armor
32:07 Elite Ghulam
33:08 Conscription
33:52 Blast Furnace
34:06 Two-Man Saw
34:35 Shatagni
34:43 Grand Trunk Road
35:36 Padded Archer Armor
36:05 Siege Engineers
37:27 Leather Archer Armor
37:33 Light Cavalry
37:34 Heavy Camel Rider
40:25 Plate Barding Armor
39:30 Light Cavalry
40:14 Hussar
sbr
0:27 Loom
11:19 Feudal Age
11:32 Feudal Age
14:20 Double-Bit Axe
14:20 Horse Collar
17:11 Castle Age
15:20 Stone Mining
18:16 Bow Saw
25:04 Wheelbarrow
25:42 Scale Mail Armor
25:52 Forging
25:40 Pikeman
26:21 Squires
27:11 Chain Mail Armor
28:37 Forging
29:09 Squires
29:45 Hand Cart
29:36 Gold Mining
29:33 Town Watch
30:38 Redemption
33:47 Imperial Age
31:06 Gambesons
32:46 Gold Shaft Mining
36:25 Two-Man Saw
36:47 Conscription
36:57 Kataparuto
38:20 Halberdier
38:46 Arson
39:37 Iron Casting
39:33 Plate Mail Armor
40:05 Plate Mail Armor
41:10 Fletching
42:20 Blast Furnace
41:52 Bodkin Arrow
the black fella
11:09 Feudal Age
11:50 Loom
11:59 Double-Bit Axe
16:28 Castle Age
14:23 Horse Collar
16:23 Gold Mining
17:35 Bow Saw
26:31 Imperial Age
36:36 Wheelbarrow
39:52 Stone Mining
40:57 Squires
42:12 Scale Mail Armor
42:24 Forging
42:51 Fletching
43:38 Bodkin Arrow
Connection lost

Rejoining the realm…

Still unreachable

The connection could not be restored.

Session expired

The server has moved on; the page needs a fresh start.